[Event "January 9 Early 2024"]
[Site "https://www.chess.com"]
[Date "2024.01.11"]
[Round "8"]
[White "Tejedor Fuente, Enrique"]
[Black "Belov, Alexei"]
[Result "1/2-1/2"]
[Board "28"]
[TimeControl "180+1"]
[WhiteFideId "2299100"]
[BlackFideId "4128206"]
[WhiteElo "2723"]
[BlackElo "2569"]
[WhiteTeam "ESP"]
[BlackTeam "RUS"]
[WhiteClock "0:02:08"]
[BlackClock "0:00:16"]

1. c3 d5 2. d4 e6 3. Nf3 Nf6 4. g3 Be7 5. Bg2 O-O 6. O-O Nbd7 7. Nbd2 c5 8. Re1 b6 9. e4 dxe4 10. Ng5 Bb7 11. Ngxe4 Qc8 12. dxc5 Nxc5 13. Nxc5 Bxc5 14. Nb3 Rd8 15. Qe2 Be7 16. Bg5 h6 17. Bxf6 Bxf6 18. Bxb7 Qxb7 19. Rad1 a5 20. Nd2 Be7 21. Qe4 Qxe4 22. Nxe4 Rxd1 23. Rxd1 Rd8 24. Rxd8+ Bxd8 25. Kf1 Kf8 26. Ke2 Ke7 27. Kd3 Kd7 28. a4 Kc6 29. Kc4 f5 30. Nd2 e5 31. f3 Bg5 32. Nf1 Bc1 33. b4 h5 34. h3 g6 35. g4 Bf4 36. gxh5 gxh5 37. h4 axb4 38. cxb4 Kd6 39. Kb5 Kc7 40. Kc4 Kc6 41. a5 bxa5 42. bxa5 e4 43. fxe4 fxe4 44. Kd4 Kb5 45. Kxe4 Bc7 46. Kf5 Bd8 47. Ng3 Bxh4 48. Nxh5 Kxa5 1/2-1/2

[Event "January 9 Early 2024"]
[Site "https://www.chess.com"]
[Date "2024.01.11"]
[Round "8"]
[White "Sokolovsky, Yahli"]
[Black "Bjerre, Jonas Buhl"]
[Result "0-1"]
[Board "29"]
[TimeControl "180+1"]
[WhiteFideId "2820242"]
[BlackFideId "1444948"]
[WhiteElo "2774"]
[BlackElo "2970"]
[WhiteTeam "ISR"]
[BlackTeam "DEN"]
[WhiteClock "0:00:02"]
[BlackClock "0:01:29"]

1. b3 Nf6 2. Bb2 d5 3. e3 c5 4. Nf3 a6 5. d4 Nc6 6. Bd3 Bg4 7. Nbd2 e6 8. a3 cxd4 9. exd4 Bd6 10. O-O O-O 11. Qe1 Nd7 12. Ne5 Ndxe5 13. dxe5 Bc5 14. Kh1 Rc8 15. f4 Bh5 16. f5 exf5 17. Bxf5 Rc7 18. Qg3 Bd4 19. Bxd4 Nxd4 20. Bxh7+ Kxh7 21. Qd3+ Kg8 22. Qxd4 Rxc2 23. Rf2 Qg5 24. Raf1 Rfc8 25. Qxd5 Rd8 26. Qa5 Rdxd2 27. Rxd2 Qxd2 28. Rg1 Qxa5 0-1

[Event "January 9 Early 2024"]
[Site "https://www.chess.com"]
[Date "2024.01.11"]
[Round "8"]
[White "Golubev, Mikhail"]
[Black "Rustamov, Rustam"]
[Result "0-1"]
[Board "30"]
[TimeControl "180+1"]
[WhiteFideId "14100983"]
[BlackFideId "13440110"]
[WhiteElo "2621"]
[BlackElo "2883"]
[WhiteTeam "UKR"]
[BlackTeam "AZE"]
[WhiteClock "0:00:01"]
[BlackClock "0:01:59"]

1. e4 c5 2. Nf3 d6 3. d4 cxd4 4. Nxd4 Nf6 5. Nc3 e5 6. Bb5+ Bd7 7. Bxd7+ Qxd7 8. Nde2 Qc6 9. O-O Nxe4 10. Nxe4 Qxe4 11. Nc3 Qc6 12. f4 Nd7 13. Kh1 Be7 14. Nd5 Bd8 15. b3 Nf6 16. c4 Nxd5 17. cxd5 Qd7 18. fxe5 dxe5 19. Bb2 Bf6 20. Re1 Qd6 21. a4 Rd8 22. Qh5 O-O 23. Ba3 Qxd5 24. Bxf8 Rxf8 25. Qd1 Qe6 26. Rc1 Rd8 27. Qc2 g6 28. Qc4 Qxc4 29. Rxc4 Rd3 30. b4 Rd7 31. g3 h5 32. Kg2 Bg7 33. Re2 f5 34. Rc8+ Kh7 35. Rec2 e4 36. R8c7 Rd4 37. Rxb7 Kh6 38. Rcc7 Rd2+ 39. Kf1 Be5 0-1

[Event "January 9 Early 2024"]
[Site "https://www.chess.com"]
[Date "2024.01.11"]
[Round "8"]
[White "Radibratovic, Predrag"]
[Black "Zgadzaj, Rafal"]
[Result "1-0"]
[Board "31"]
[TimeControl "180+1"]
[WhiteFideId "902012"]
[BlackFideId "1113712"]
[WhiteElo "2503"]
[BlackElo "2333"]
[WhiteTeam "SRB"]
[BlackTeam "POL"]
[WhiteClock "0:01:19"]
[BlackClock "0:01:00"]

1. d4 d5 2. Bf4 e6 3. e3 Bd6 4. Bg3 h5 5. Nd2 h4 6. Bxd6 cxd6 7. h3 Ne7 8. Ngf3 Nf5 9. Bd3 g6 10. c3 Nc6 11. a4 e5 12. dxe5 dxe5 13. Bb5 Qe7 14. e4 dxe4 15. Nxe4 O-O 16. O-O a6 17. Bc4 Be6 18. Bxe6 Qxe6 19. Qc1 f6 20. Rd1 Rad8 21. Qc2 Rxd1+ 22. Rxd1 Rd8 23. Rxd8+ Nxd8 24. Qd3 Nc6 25. Nc5 Qd6 26. Qc4+ Kh7 27. Nxb7 Qd1+ 28. Kh2 Qd7 29. Nc5 Qd6 30. Ne4 Qc7 31. Nxf6+ Kg7 32. Ne4 Nd6 33. Nxd6 Qxd6 34. Qe4 Ne7 35. Nxh4 Kf6 36. b4 Nf5 37. b5 axb5 38. axb5 Qd2 39. Nf3 Qxf2 40. Qxe5+ Kf7 41. b6 Ne3 42. Ng5+ Kf8 43. Qf6+ Qxf6 44. Nh7+ Kf7 45. Nxf6 Kxf6 46. b7 1-0

[Event "January 9 Early 2024"]
[Site "https://www.chess.com"]
[Date "2024.01.11"]
[Round "8"]
[White "Lopusiewicz, Piotr"]
[Black "Yurovskykh, Oleksandr"]
[Result "0-1"]
[Board "32"]
[TimeControl "180+1"]
[WhiteFideId "1116029"]
[BlackFideId "14134020"]
[WhiteElo "2482"]
[BlackElo "2609"]
[WhiteTeam "POL"]
[BlackTeam "UKR"]
[WhiteClock "0:00:55"]
[BlackClock "0:00:50"]

1. d4 d5 2. c4 dxc4 3. e3 Nf6 4. Bxc4 e6 5. Nf3 c5 6. O-O Nc6 7. Be2 cxd4 8. exd4 Be7 9. Nc3 O-O 10. Re1 b6 11. Bf4 Bb7 12. Qd2 Rc8 13. Rad1 Nb4 14. Be5 Nbd5 15. a3 Nxc3 16. bxc3 Ne4 17. Qf4 Nxc3 18. Rc1 Nxe2+ 19. Rxe2 Rxc1+ 20. Qxc1 Bxf3 21. gxf3 Qd5 22. Qc7 Bxa3 23. Qxa7 Ra8 24. Qxb6 Qxf3 25. Re3 Qd1+ 26. Kg2 Bf8 27. Rg3 g6 28. Qb7 Ra1 29. Rf3 Qh1+ 30. Kg3 Rg1+ 31. Kh4 Be7+ 32. Qxe7 g5+ 33. Qxg5+ Rxg5 34. Rb3 Rxe5 0-1

[Event "January 9 Early 2024"]
[Site "https://www.chess.com"]
[Date "2024.01.11"]
[Round "8"]
[White "Demin, Vladimir"]
[Black "Agrest, Inna"]
[Result "1-0"]
[Board "33"]
[TimeControl "180+1"]
[WhiteFideId "4167457"]
[BlackFideId "1708830"]
[WhiteElo "2572"]
[BlackElo "2358"]
[WhiteTeam "RUS"]
[BlackTeam "SWE"]
[WhiteClock "0:01:36"]
[BlackClock "0:00:08"]

1. d4 Nf6 2. Nc3 d5 3. Bf4 e6 4. Nb5 Na6 5. e3 Be7 6. Nf3 O-O 7. Be2 c6 8. Nc3 h6 9. Bxa6 bxa6 10. O-O c5 11. Ne5 Qb6 12. Na4 Qb5 13. c3 Nd7 14. Nxd7 Bxd7 15. Nxc5 Bxc5 16. dxc5 Qxc5 17. Qd4 Qb5 18. b3 Rfc8 19. Rfc1 a5 20. Rab1 a4 21. c4 dxc4 22. bxc4 Qc6 23. c5 Be8 24. Bd6 Rd8 25. h3 Rac8 26. Rd1 Qa6 27. Qg4 Qc6 28. Rd4 Bd7 29. Be5 g6 30. Qf4 Qxc5 31. Qf6 Kf8 32. Bd6+ 1-0

[Event "January 9 Early 2024"]
[Site "https://www.chess.com"]
[Date "2024.01.11"]
[Round "8"]
[White "Ranaldi, Lucas"]
[Black "Mahdavi, Reza"]
[Result "1-0"]
[Board "34"]
[TimeControl "180+1"]
[WhiteFideId "1519484"]
[BlackFideId "12595926"]
[WhiteElo "2725"]
[BlackElo "2853"]
[WhiteTeam "NOR"]
[BlackTeam "IRI"]
[WhiteClock "0:00:12"]
[BlackClock "0:01:21"]

1. Nf3 Nf6 2. c4 e6 3. g3 d5 4. Bg2 d4 5. O-O c5 6. e3 Nc6 7. exd4 cxd4 8. d3 Bd6 9. Bg5 h6 10. Bxf6 Qxf6 11. Nbd2 Qe7 12. a3 a5 13. Ne4 Bc7 14. Rc1 O-O 15. c5 Rd8 16. Nfd2 a4 17. Nc4 Na5 18. Qxa4 Bd7 19. Qc2 Nxc4 20. Qxc4 Ra5 21. Qb4 Rb5 22. Qd2 Bc6 23. b4 Ra8 24. Qb2 f5 25. Nd2 e5 26. a4 Rxa4 27. Qb3+ Qf7 28. Qxa4 e4 29. dxe4 Rxc5 30. Qb3 Rb5 31. Qxf7+ Kxf7 32. exf5 1-0

[Event "January 9 Early 2024"]
[Site "https://www.chess.com"]
[Date "2024.01.11"]
[Round "8"]
[White "Martinez Ramirez, Lennis"]
[Black "Makaraci, Tunahan"]
[Result "1-0"]
[Board "35"]
[TimeControl "180+1"]
[WhiteFideId "3509079"]
[BlackFideId "6356559"]
[WhiteElo "2710"]
[BlackElo "2550"]
[WhiteTeam "CUB"]
[BlackTeam "TUR"]
[WhiteClock "0:01:40"]
[BlackClock "0:00:01"]

1. d4 d5 2. Nf3 c5 3. e3 e6 4. c4 Nf6 5. cxd5 exd5 6. Nc3 a6 7. b3 Nc6 8. Bb2 cxd4 9. Nxd4 Bd6 10. Be2 O-O 11. O-O Qe7 12. Nxc6 bxc6 13. Rc1 Bd7 14. Na4 Ne4 15. g3 Bh3 16. Re1 Ng5 17. Rxc6 Qe4 18. f3 Qxe3+ 19. Kh1 Qf2 20. Rg1 Rfe8 21. Rc2 Rac8 22. Bd4 Qxd4 23. Qxd4 Rxc2 24. Bd1 Rxa2 25. Qxd5 Be7 26. Nc3 Ra1 27. Qc6 Rd8 28. Nd5 Ba3 29. Qc3 Rc1 30. Qa5 Rcc8 31. Nf4 Bd6 32. Qxg5 Bxf4 33. gxf4 g6 34. f5 h6 35. Qf4 Bxf5 36. Qxf5 Rc1 37. Rxg6+ 1-0

[Event "January 9 Early 2024"]
[Site "https://www.chess.com"]
[Date "2024.01.11"]
[Round "8"]
[White "Winkels, Marcel"]
[Black "Ezat, Mohamed"]
[Result "0-1"]
[Board "36"]
[TimeControl "180+1"]
[WhiteFideId "1003887"]
[BlackFideId "10600906"]
[WhiteElo "2016"]
[BlackElo "2460"]
[WhiteTeam "NED"]
[BlackTeam "EGY"]
[WhiteClock "0:00:13"]
[BlackClock "0:01:09"]

1. e4 d5 2. exd5 c6 3. d4 cxd5 4. Bd3 Nc6 5. c3 Qc7 6. Ne2 Bg4 7. f3 Bd7 8. Bf4 e5 9. dxe5 Nxe5 10. O-O Bd6 11. Re1 Ne7 12. Nd4 O-O 13. Bxe5 Bxe5 14. Qe2 Bxh2+ 15. Kh1 Bg3 16. Rd1 Qf4 17. Kg1 Qh4 18. Qe3 Ng6 19. Nf5 Bxf5 20. Bxf5 Rae8 21. Qd4 Nf4 22. Kf1 Re2 23. Nd2 Qh1+ 24. Qg1 Rf2+ 0-1

[Event "January 9 Early 2024"]
[Site "https://www.chess.com"]
[Date "2024.01.11"]
[Round "8"]
[White "Skaric, Djuro"]
[Black "Ladan, Nicholas"]
[Result "0-1"]
[Board "37"]
[TimeControl "180+1"]
[WhiteFideId "934569"]
[BlackFideId "30918855"]
[WhiteElo "2300"]
[BlackElo "2483"]
[WhiteTeam "SRB"]
[BlackTeam "USA"]
[WhiteClock "0:00:54"]
[BlackClock "0:00:48"]

1. g3 d5 2. Bg2 c6 3. d3 g6 4. Nf3 Bg7 5. O-O e5 6. Nc3 Ne7 7. e4 O-O 8. h3 h6 9. Nd2 Be6 10. f4 exf4 11. gxf4 Qd7 12. Kh2 f5 13. e5 g5 14. d4 c5 15. Nf3 Nbc6 16. Ne2 cxd4 17. fxg5 Nxe5 18. gxh6 Nxf3+ 19. Bxf3 Be5+ 20. Kh1 Kh8 21. Nf4 Qd6 22. Nxe6 Qxe6 23. Qe1 Qf6 24. Bd2 Rg8 25. Rg1 Rxg1+ 26. Qxg1 Rg8 27. Bg2 f4 28. Qf2 Nf5 29. Qf3 Nh4 30. Qh5 Rxg2 31. Re1 Qg5 32. Qe8+ Kh7 33. Qf7+ Kxh6 34. Qf8+ Kh7 35. Qf7+ Bg7 36. Bxf4 Rh2+ 0-1

[Event "January 9 Early 2024"]
[Site "https://www.chess.com"]
[Date "2024.01.11"]
[Round "8"]
[White "Lima, Artur Tin Lun Dai"]
[Black "Terziev, Dimo"]
[Result "1-0"]
[Board "38"]
[TimeControl "180+1"]
[WhiteFideId "22773150"]
[BlackFideId "2925397"]
[WhiteElo "2366"]
[BlackElo "2163"]
[WhiteTeam "BRA"]
[BlackTeam "BUL"]
[WhiteClock "0:01:56"]
[BlackClock "0:00:01"]

1. e4 d6 2. d4 Nf6 3. Nc3 g6 4. Nf3 Bg7 5. Be2 O-O 6. O-O c6 7. a4 Qc7 8. Re1 e5 9. h3 Nbd7 10. b3 Re8 11. dxe5 dxe5 12. Ba3 Bf8 13. Bb2 Bc5 14. Bc4 Nf8 15. Qe2 Be6 16. Bd3 Rad8 17. a5 a6 18. Ra4 Bc8 19. Rd1 Ne6 20. Qf1 Nf4 21. Ne2 N6h5 22. Nxf4 Nxf4 23. Bc4 Rxd1 24. Qxd1 Bd6 25. Ra1 Be6 26. Bxe6 Nxe6 27. Qe2 f6 28. Qc4 Kf7 29. Bc3 Rd8 30. Re1 Be7 31. g3 Qd6 32. Kg2 Qc5 33. Qxc5 Bxc5 34. h4 Ke7 35. h5 g5 36. Nh2 Ng7 37. Ng4 Ne6 38. Rh1 Bd4 39. Bb4+ Bc5 40. Bc3 Bd4 41. Be1 Bc5 42. Nh6 Kd7 43. Nf5 Ke8 44. Bc3 1-0

[Event "January 9 Early 2024"]
[Site "https://www.chess.com"]
[Date "2024.01.11"]
[Round "8"]
[White "Smirnov, Timofey"]
[Black "Tqebuchava, Zurab"]
[Result "0-1"]
[Board "39"]
[TimeControl "180+1"]
[WhiteFideId "24176427"]
[BlackFideId "13601113"]
[WhiteElo "1992"]
[BlackElo "2133"]
[WhiteTeam "RUS"]
[BlackTeam "GEO"]
[WhiteClock "0:00:59"]
[BlackClock "0:00:33"]

1. e4 e5 2. Nf3 Nc6 3. Bb5 d6 4. d4 exd4 5. Nxd4 Bd7 6. O-O Nf6 7. Nc3 Be7 8. Re1 O-O 9. Nxc6 Bxc6 10. Bxc6 bxc6 11. e5 dxe5 12. Qxd8 Raxd8 13. Rxe5 Bc5 14. Bg5 Bxf2+ 15. Kf1 Bd4 16. Bxf6 gxf6 17. Ra5 Bxc3 18. bxc3 Rd2 19. Rc1 Rfd8 20. Rf5 Kg7 21. Rf3 R8d5 22. c4 Re5 23. Rd3 Ree2 24. Rxd2 Rxd2 25. h3 Kg6 26. g3 Kg5 27. Ke1 Rh2 28. h4+ Kg4 29. Rd1 Rh1+ 30. Ke2 Rxd1 31. Kxd1 Kxg3 0-1

[Event "January 9 Early 2024"]
[Site "https://www.chess.com"]
[Date "2024.01.11"]
[Round "8"]
[White "Aadit Bhatia"]
[Black "Papasimakopoulos, Alexandros"]
[Result "1-0"]
[Board "40"]
[TimeControl "180+1"]
[WhiteFideId "25088955"]
[BlackFideId "4244125"]
[WhiteElo "2468"]
[BlackElo "2639"]
[WhiteTeam "IND"]
[BlackTeam "GRE"]
[WhiteClock "0:00:19"]
[BlackClock "0:01:49"]

1. e4 d6 2. d4 Nf6 3. Nc3 g6 4. f4 Bg7 5. Nf3 O-O 6. h4 Bg4 7. Be2 Nh5 8. Ng5 Bxe2 9. Nxe2 d5 10. e5 h6 11. g4 Nxf4 12. Nxf4 hxg5 13. hxg5 e6 14. Qf3 Re8 15. Be3 c5 16. O-O-O cxd4 17. Bxd4 Nc6 18. Qh3 Qxg5 19. Qh7+ Kf8 20. Bc5+ Re7 21. Rdf1 Bxe5 22. Kb1 Ke8 23. Qg8+ Kd7 24. Qxa8 Bxf4 25. Qxb7+ Bc7 26. Bxe7 Qxe7 27. Rh7 Nd8 28. Qxa7 e5 29. Qa4+ Kc8 30. Qa6+ Kd7 31. Qb5+ Kd6 32. c4 Qe6 33. Qa6+ Ke7 34. Qxe6+ Kxe6 35. cxd5+ Kxd5 36. Rfxf7 Nxf7 37. Rxf7 Ba5 38. Kc2 e4 39. Rg7 Kd4 40. Rxg6 Ke3 41. Re6 Kf3 42. g5 Bb4 43. g6 Bf8 44. Rf6+ 1-0

[Event "January 9 Early 2024"]
[Site "https://www.chess.com"]
[Date "2024.01.11"]
[Round "8"]
[White "Kornyukov, Alexey"]
[Black "Mena, Martin"]
[Result "1-0"]
[Board "41"]
[TimeControl "180+1"]
[WhiteFideId "4150457"]
[BlackFideId "10651225"]
[WhiteElo "2256"]
[BlackElo "2074"]
[WhiteTeam "RUS"]
[BlackTeam "EGY"]
[WhiteClock "0:01:03"]
[BlackClock "0:00:08"]

1. e4 c6 2. d4 d5 3. Nc3 dxe4 4. Nxe4 Nd7 5. Qe2 e6 6. Nf3 Ngf6 7. Nxf6+ Nxf6 8. Bg5 Be7 9. c3 O-O 10. O-O-O Nd5 11. Bxe7 Qxe7 12. h4 a5 13. g4 a4 14. a3 b5 15. Ne5 Qc7 16. g5 Ba6 17. Qe4 Rad8 18. Bd3 g6 19. h5 Ne7 20. hxg6 fxg6 21. Rxh7 Kxh7 22. Qh4+ Kg8 23. Rh1 1-0

[Event "January 9 Early 2024"]
[Site "https://www.chess.com"]
[Date "2024.01.11"]
[Round "8"]
[White "Sadhwani, Raunak"]
[Black "Waldhausen Gordon, Frederick"]
[Result "1-0"]
[Board "42"]
[TimeControl "180+1"]
[WhiteFideId "35093487"]
[BlackFideId "2409143"]
[WhiteElo "3055"]
[BlackElo "2565"]
[WhiteTeam "IND"]
[BlackTeam "SCO"]
[WhiteClock "0:01:37"]
[BlackClock "0:00:35"]

1. e4 c5 2. Nf3 Nc6 3. b3 Nf6 4. e5 Nd5 5. Bb2 e6 6. Nc3 Nxc3 7. Bxc3 Be7 8. Bd3 b6 9. Be4 Bb7 10. Qe2 Qc7 11. O-O Rc8 12. Qd3 h6 13. Qe3 Nd8 14. Bxb7 Nxb7 15. Qf4 O-O 16. Qg3 Rfd8 17. Rfe1 Bf8 18. Re4 d5 19. exd6 Nxd6 20. Rg4 Nf5 21. Qh3 b5 22. d3 Qe7 23. Re1 Kh7 24. Ng5+ Kg8 25. Ne4 Kh7 26. Bd2 Rc6 27. Bg5 Qd7 28. Bxd8 Qxd8 29. Ng5+ Kg8 30. Nf3 Qa5 31. a4 a6 32. axb5 axb5 33. Rge4 Qc3 34. R4e2 Ra6 35. g4 Nd4 36. Nxd4 cxd4 37. f4 Ra2 38. Rc1 Ba3 39. Rf1 Rxc2 40. Rxc2 Qxc2 41. f5 Qxb3 42. Qf3 Bf8 43. f6 g6 44. Rc1 Qa3 45. Rc8 b4 46. Qf4 Qa1+ 47. Kg2 Qa2+ 48. Kg3 Qa6 49. Rxf8+ Kxf8 50. Qb8+ Qc8 51. Qxc8# 1-0

[Event "January 9 Early 2024"]
[Site "https://www.chess.com"]
[Date "2024.01.11"]
[Round "8"]
[White "Filipovic, Slobodan J"]
[Black "Murthy, Pappu"]
[Result "1-0"]
[Board "43"]
[TimeControl "180+1"]
[WhiteFideId "939633"]
[BlackFideId "2013401"]
[WhiteElo "2373"]
[BlackElo "1908"]
[WhiteTeam "SRB"]
[BlackTeam "USA"]
[WhiteClock "0:00:56"]
[BlackClock "0:00:02"]

1. c4 Nf6 2. Nc3 e5 3. Nf3 Nc6 4. e4 Bb4 5. d3 d6 6. a3 Bxc3+ 7. bxc3 h6 8. h3 Be6 9. g4 Ne7 10. g5 hxg5 11. Nxg5 Qd7 12. d4 Qc8 13. f4 Rh4 14. f5 Nxf5 15. exf5 Bxf5 16. Bg2 c6 17. Be3 e4 18. Qe2 d5 19. c5 Qc7 20. Kd2 Ke7 21. Qf2 Rh5 22. Qxf5 Rah8 23. Raf1 Qg3 24. Rf2 g6 25. Qxf6+ 1-0

[Event "January 9 Early 2024"]
[Site "https://www.chess.com"]
[Date "2024.01.11"]
[Round "8"]
[White "Shkapenko, Pavel"]
[Black "Martinez, Shawn"]
[Result "1-0"]
[Board "44"]
[TimeControl "180+1"]
[WhiteFideId "4151933"]
[BlackFideId "2039770"]
[WhiteElo "2736"]
[BlackElo "2439"]
[WhiteTeam "FID"]
[BlackTeam "USA"]
[WhiteClock "0:00:17"]
[BlackClock "0:01:05"]

1. e4 c5 2. c3 e6 3. d4 cxd4 4. cxd4 d6 5. Nc3 a6 6. Nf3 b5 7. Bd3 Bb7 8. O-O Be7 9. Ne2 Nf6 10. Ng3 h5 11. Bg5 Nc6 12. Rc1 Ng4 13. Bxe7 Qxe7 14. d5 Nce5 15. Nxe5 Nxe5 16. h3 h4 17. Ne2 Nxd3 18. Qxd3 exd5 19. exd5 O-O 20. Nd4 Qg5 21. Nc6 Rfe8 22. Rfe1 Rac8 23. Red1 Rc7 24. Rc3 Bc8 25. Nb4 Rce7 26. Rcc1 Bf5 27. Qd2 Qg6 28. Rc3 Re2 29. Qf4 Rxb2 30. Nc6 Ree2 31. Rf1 Be4 32. Ne7+ Kh7 33. Nxg6 Bxg6 34. Qxh4+ Kg8 35. Rc8+ 1-0

[Event "January 9 Early 2024"]
[Site "https://www.chess.com"]
[Date "2024.01.11"]
[Round "8"]
[White "Jakubowski, Krzysztof"]
[Black "Batsiashvili, Nino"]
[Result "1-0"]
[Board "45"]
[TimeControl "180+1"]
[WhiteFideId "1112848"]
[BlackFideId "13602993"]
[WhiteElo "2677"]
[BlackElo "2520"]
[WhiteTeam "POL"]
[BlackTeam "GEO"]
[WhiteClock "0:01:13"]
[BlackClock "0:00:10"]

1. e4 e5 2. Nf3 Nc6 3. Bc4 Nf6 4. Ng5 d5 5. exd5 Na5 6. Bb5+ c6 7. dxc6 bxc6 8. Bd3 Nd5 9. h4 Nf4 10. Bf1 Bc5 11. c3 Nb7 12. d4 Bb6 13. Bxf4 exf4 14. Qe2+ Kf8 15. Nd2 h6 16. Nh3 Qxh4 17. O-O-O Be6 18. g3 fxg3 19. Bg2 Rc8 20. fxg3 Qxg3 21. Rdf1 Nd8 22. Nf4 Qg4 23. Qf2 Qf5 24. Bh3 Qf6 25. Bxe6 Nxe6 26. Qe3 Nxf4 27. Rxf4 Qe7 28. Qf2 Rc7 29. Re1 Qd7 30. Nc4 Kg8 31. Ne5 Qe6 32. Nxf7 Qxe1+ 33. Qxe1 Rxf7 34. Qe8+ Kh7 35. Qxf7 1-0

[Event "January 9 Early 2024"]
[Site "https://www.chess.com"]
[Date "2024.01.11"]
[Round "8"]
[White "Santos Flores, Alberto"]
[Black "Harriott, Tyrell"]
[Result "1-0"]
[Board "46"]
[TimeControl "180+1"]
[WhiteFideId "3601234"]
[BlackFideId "2086484"]
[WhiteElo "2508"]
[BlackElo "2356"]
[WhiteTeam "ECU"]
[BlackTeam "USA"]
[WhiteClock "0:00:51"]
[BlackClock "0:00:05"]

1. e4 d5 2. exd5 Nf6 3. d4 Qxd5 4. Nf3 Bg4 5. Be2 Nc6 6. Be3 O-O-O 7. Nbd2 Kb8 8. c4 Qf5 9. a3 h6 10. Qa4 e6 11. b4 g5 12. O-O Bg7 13. b5 Ne7 14. d5 exd5 15. Qxa7+ Kc8 16. Qa8+ Kd7 17. Qxb7 Ke8 18. Nd4 Qd7 19. Rae1 Nh5 20. Nc6 Nxc6 21. bxc6 Qf5 22. Bxg4 Qxg4 23. Bc5+ 1-0

[Event "January 9 Early 2024"]
[Site "https://www.chess.com"]
[Date "2024.01.11"]
[Round "8"]
[White "Delgado Kuffo, Andres"]
[Black "Carrillo Marval, Maria Angelica"]
[Result "1-0"]
[Board "47"]
[TimeControl "180+1"]
[WhiteFideId "3600475"]
[BlackFideId "3911853"]
[WhiteElo "2294"]
[BlackElo "2080"]
[WhiteTeam "ECU"]
[BlackTeam "PAN"]
[WhiteClock "0:00:34"]
[BlackClock "0:00:50"]

1. e4 c5 2. Nf3 d6 3. d4 cxd4 4. Qxd4 Nc6 5. Bb5 Bd7 6. Qd3 Nf6 7. Nc3 g6 8. Bg5 Bg7 9. O-O-O a6 10. Ba4 b5 11. Bb3 O-O 12. e5 Ne8 13. exd6 Nxd6 14. Nd5 Bf5 15. Nxe7+ Nxe7 16. Qxd6 Qxd6 17. Rxd6 Nc8 18. Rd2 a5 19. Bd5 Ra7 20. Nd4 Nd6 21. Nc6 Rd7 22. Re1 Nc4 23. Bxc4 Rxd2 24. Bxd2 bxc4 25. Ne7+ Kh8 26. Nxf5 gxf5 27. Bxa5 Rb8 28. c3 Rb5 29. Re8+ 1-0

[Event "January 9 Early 2024"]
[Site "https://www.chess.com"]
[Date "2024.01.11"]
[Round "8"]
[White "Schnaider, Ilan"]
[Black "Ibarra Jerez, Jose Carlos"]
[Result "0-1"]
[Board "48"]
[TimeControl "180+1"]
[WhiteFideId "169013"]
[BlackFideId "2226332"]
[WhiteElo "2752"]
[BlackElo "2940"]
[WhiteTeam "ARG"]
[BlackTeam "ESP"]
[WhiteClock "0:00:02"]
[BlackClock "0:01:08"]

1. e4 Nc6 2. Bc4 e6 3. Nc3 Nf6 4. d4 Nxe4 5. Nxe4 d5 6. Bd3 dxe4 7. Bxe4 Nxd4 8. c3 Nf5 9. Qf3 Nd6 10. Bc2 Be7 11. Ne2 O-O 12. O-O e5 13. Ng3 f5 14. Qd5+ Nf7 15. Qf3 e4 16. Qe2 Bd6 17. Rd1 Qh4 18. Bb3 Kh8 19. h3 Ne5 20. Qh5 Qxh5 21. Nxh5 Nd3 22. Bc2 Nxc1 23. Raxc1 f4 24. Bxe4 g6 25. Nxf4 Bxf4 26. Rc2 Bd6 27. Re2 Rb8 28. Bd5 Bd7 29. g4 b6 30. Rde1 Rbe8 31. Bb3 0-1

[Event "January 9 Early 2024"]
[Site "https://www.chess.com"]
[Date "2024.01.11"]
[Round "8"]
[White "Rietze, Clemens, Dr."]
[Black "Tymrakiewicz, Rafal"]
[Result "1-0"]
[Board "49"]
[TimeControl "180+1"]
[WhiteFideId "24620351"]
[BlackFideId "1108832"]
[WhiteElo "2517"]
[BlackElo "2393"]
[WhiteTeam "GER"]
[BlackTeam "POL"]
[WhiteClock "0:00:47"]
[BlackClock "0:00:01"]

1. d4 d5 2. c4 Bf5 3. cxd5 Nf6 4. Nc3 Nxd5 5. Qb3 Nxc3 6. bxc3 Nd7 7. Qxb7 e6 8. Nf3 Bd6 9. g3 Rb8 10. Qc6 Rb6 11. Qa4 h5 12. Bg2 h4 13. Nxh4 Rxh4 14. gxh4 Qxh4 15. Qxa7 e5 16. a4 exd4 17. a5 Rb3 18. Qxd4 Qxd4 19. cxd4 Nb8 20. a6 Bb4+ 21. Kd1 Rc3 22. e4 1-0

[Event "January 9 Early 2024"]
[Site "https://www.chess.com"]
[Date "2024.01.11"]
[Round "8"]
[White "Eggleston, Thomas A"]
[Black "Gevorgyan, Maria"]
[Result "0-1"]
[Board "50"]
[TimeControl "180+1"]
[WhiteFideId "412139"]
[BlackFideId "13300270"]
[WhiteElo "2255"]
[BlackElo "2422"]
[WhiteTeam "ENG"]
[BlackTeam "ARM"]
[WhiteClock "0:00:24"]
[BlackClock "0:00:46"]

1. e4 c5 2. Nf3 Nc6 3. Bb5 g6 4. Bxc6 dxc6 5. Qe2 Bg7 6. d3 Nf6 7. h3 Nd7 8. O-O e5 9. Nh2 Nf8 10. Nd2 Ne6 11. Nb3 O-O 12. Ng4 b6 13. c3 Qc7 14. Nh6+ Kh8 15. g3 f5 16. exf5 gxf5 17. Qh5 Nd8 18. g4 fxg4 19. hxg4 Qd6 20. Nf5 Bxf5 21. gxf5 Qxd3 22. Bh6 Bxh6 23. Qxh6 Qxf5 24. f4 Nf7 25. Qh4 Rg8+ 26. Kh2 Rg4 27. Qh3 Rag8 28. Rf2 exf4 29. Raf1 Qg5 30. Nd2 Rh4 31. Rf3 Qg2# 0-1

[Event "January 9 Early 2024"]
[Site "https://www.chess.com"]
[Date "2024.01.11"]
[Round "8"]
[White "Parfenov, Viktor N."]
[Black "Rees, Ioan"]
[Result "0-1"]
[Board "51"]
[TimeControl "180+1"]
[WhiteFideId "4165969"]
[BlackFideId "1801236"]
[WhiteElo "2501"]
[BlackElo "2412"]
[WhiteTeam "RUS"]
[BlackTeam "WLS"]
[WhiteClock "0:00:09"]
[BlackClock "0:00:53"]

1. d4 d5 2. c4 c6 3. Nf3 Nf6 4. Nc3 e6 5. Bg5 h6 6. Bh4 dxc4 7. e4 g5 8. Bg3 b5 9. Be2 Bb7 10. h4 g4 11. Ne5 Bg7 12. Bxg4 Nbd7 13. Bf3 O-O 14. O-O c5 15. Nxd7 Nxd7 16. Nxb5 cxd4 17. Nxd4 Ne5 18. Nb5 Qe7 19. Qd6 Qxd6 20. Nxd6 Nxf3+ 21. gxf3 Ba6 22. e5 c3 23. Rfd1 cxb2 24. Rab1 Be2 25. Rd2 Bxf3 26. Rbxb2 f6 27. Rb5 fxe5 28. Bxe5 Bd5 29. Kh2 Bxe5+ 0-1

[Event "January 9 Early 2024"]
[Site "https://www.chess.com"]
[Date "2024.01.11"]
[Round "8"]
[White "Mammadov, Ziya"]
[Black "Priasmoro, Novendra"]
[Result "0-1"]
[Board "52"]
[TimeControl "180+1"]
[WhiteFideId "13418890"]
[BlackFideId "7105029"]
[WhiteElo "1973"]
[BlackElo "2647"]
[WhiteTeam "AZE"]
[BlackTeam "INA"]
[WhiteClock "0:00:21"]
[BlackClock "0:00:44"]

1. e4 c5 2. Nf3 Nc6 3. d4 cxd4 4. Nxd4 Nf6 5. Nc3 e5 6. Nxc6 bxc6 7. Bg5 Bb4 8. Bd3 h6 9. Bh4 d5 10. exd5 cxd5 11. O-O d4 12. Bxf6 Qxf6 13. Nd5 Qd6 14. Be4 Rb8 15. Nxb4 Rxb4 16. b3 O-O 17. Bd3 f5 18. Bc4+ Kh7 19. a3 Rb6 20. f3 Bb7 21. a4 Qc5 22. Kh1 Rg6 23. Qd2 e4 24. Be2 Rff6 25. b4 Qc7 26. Ra3 Rg5 27. Qxd4 Rfg6 28. fxe4 Rxg2 29. Bf3 Qxh2# 0-1